 Dungeon Crawl Stone Soup version 0.31-a0-986-g5e6e4ef867 (webtiles) character file.

Game seed: 14978056625517397543

290 timneilson the Ruffian (level 6, 0/41 HPs)
             Began as an Octopode Shapeshifter on Nov 11, 2023.
             Shot with an arrow by a centaur (13 damage)
             ... on level 4 of the Dungeon.
             The game lasted 00:06:32 (2979 turns).

timneilson the Ruffian (Octopode Shapeshifter)      Turns: 2979, Time: 00:06:33

Health: 0/41       AC:  1    Str: 16    XL:     6   Next: 32%
Magic:  7/7        EV: 13    Int: 12    God:
Gold:   106        SH:  0    Dex: 11    Spells: 7/7 levels left

rFire   . .          .
                       - Unarmed
rCold   . . .        (no shield)
rNeg    . . .        (helmet currently unavailable)
rPois   .            (no amulet)
rElec   .            (no ring)
rCorr   .            (no ring)
SInv    .            (no ring)
Will    .....        (no ring)
Stlth   +++          (no ring)
HPRegen 0.26/turn    (no ring)
MPRegen 0.10/turn    (no ring)
                     (no ring)

%: no passive effects
@: beast-form
A: beast (slay +2), almost no armour, amphibious, 8 rings, camouflage 1,
gelatinous body 1, (nimble swimmer 1), tentacles
a: Begin Untransformation


You were on level 4 of the Dungeon.
You were a hulking beast.
You visited 1 branch of the dungeon, and saw 4 of its levels.

You collected 106 gold pieces.

Inventory:

Talismans
 b - a beast talisman
 c - a flux talisman
Wands
 g - a wand of iceblast (4)
Scrolls
 d - 3 scrolls of identify
 f - a scroll of summoning
Potions
 a - a potion of lignification
 e - 3 potions of mutation
 h - a potion of curing {unknown}
 i - 3 potions of enlightenment


   Skills:
 * Level 2.8 Fighting
 * Level 3.3 Dodging
 + Level 2.5 Stealth
 * Level 3.9 Unarmed Combat
 + Level 1.2 Spellcasting
 + Level 0.7 Evocations
 * Level 3.9 Shapeshifting


You had 7 spell levels left.
You didn't know any spells.
Your spell library contained the following spells:

 Spells                   Type           Power      Damage    Failure   Level
 Magic Dart               Conj           0%         1d3       30%         1
 Call Imp                 Summ           0%         N/A       41%         2
 Mephitic Cloud           Conj/Pois/Air  0%         N/A       65%         3
 Cause Fear               Hex            0%         N/A       96%         4
 Fireball                 Conj/Fire      0%         3d3       100%        5
 Dragon's Call            Summ           0%         N/A       100%        9


Dungeon Overview and Level Annotations

Branches:
Dungeon (4/15)
 Temple: D:4-7

Altars:

Annotations:
D:2 1 runed translucent door, Crazy Yiuf


Innate Abilities, Weirdness & Mutations

You are a hulking beast.
Your limbs bulge with bestial killing power. (Slay +2)
You cannot wear most types of armour.
You are amphibious.
You can wear up to eight rings at the same time.
Your skin changes colour to match your surroundings (Stealth+).
Your rubbery body absorbs attacks. (AC +1, EV +1)
((You are camouflaged when in or above water. (Stealth+)))
You have tentacles for arms and can constrict up to eight enemies at once.


Message History

You kill the goblin!
There is a stone staircase leading up here.
You climb upwards.
There is a stone staircase leading down here.
You start resting.
HP restored.
You climb downwards.
There is a stone staircase leading up here.
Items here: ) †††.
A goblin comes into view. It is wielding a +0 club.
A centaur and a hound come into view.
The hound moves out of view.
The centaur shouts!
You tentacle-slap the goblin. Your grab misses the goblin.
The goblin is heavily wounded.
You hear a bark!
You hear a shout! x2
The centaur wields a +0 shortbow.
The centaur shoots an arrow.
The arrow barely misses you.
You tentacle-slap the goblin. Your grab misses the goblin.
The goblin is severely wounded.
The centaur shoots an arrow.
The arrow hits you! The goblin closely misses you.
The centaur shoots an arrow.
The arrow misses you. The goblin attacks as it pursues you!
The goblin barely misses you.
The centaur shoots an arrow.
The arrow hits you.
The centaur unwields a +0 shortbow.
The centaur hits you. The centaur kicks you.
You barely miss the centaur. You squeeze the centaur.
The centaur is moderately wounded.
The centaur barely misses you. The centaur misses you.
The goblin hits you with a +0 club. The centaur barely misses you.
The centaur kicks you. The hound bites you.
You bludgeon the centaur!
The centaur is heavily wounded.
The goblin hits you with a +0 club. The centaur barely misses you.
The centaur misses you. The hound completely misses you. The goblin misses you.
The centaur hits you. The centaur kicks you.
* * * LOW HITPOINT WARNING * * *
The centaur wields a +0 shortbow.
The centaur shoots an arrow.
The arrow hits you!
You die...

... ... ..# #### #########
..# #..# ......... #..
#..####........ ..#
#####.#.#......... ..#
#...)#.#hg..O....⌠
#†#######.###.#.#.........
#......<...#..####c....(..
...........#..# #.........
#..#####.######
############# ### #..# #.#
#######.........###.. #..#
#.# ............###......
...# #.#
#######.###.#######.. ..##
#.# #.# #........[.


You could see an ogre, a centaur and a goblin.

Vanquished Creatures
  A black bear (D:4)
  Ijyb (D:3)
  An iguana (D:4)
  5 adders
  4 worms
  3 dart slugs
  7 orcs (D:4)
  3 ball pythons
  9 bats
  5 endoplasms
  3 giant cockroaches
  5 goblins
  7 hobgoblins
  6 jackals (D:1)
  6 quokkas
  4 frilled lizards
  5 kobolds
  6 rats
81 creatures vanquished.

Notes
Turn   | Place    | Note
-------+----------+-------------------------------------------
     0 | D:1      | timneilson the Octopode Shapeshifter began the quest for
                  | the Orb.
     0 | D:1      | Reached XP level 1. HP: 13/13 MP: 1/1
   197 | D:1      | Reached XP level 2. HP: 18/18 MP: 2/2
   320 | D:1      | Reached skill level 1 in Stealth
   320 | D:1      | Reached XP level 3. HP: 19/23 MP: 3/3
   492 | D:1      | Found a faded altar of an unknown god.
   929 | D:2      | Reached XP level 4. HP: 11/29 MP: 4/4
  1566 | D:2      | Found a runed translucent door.
  1567 | D:2      | Noticed Crazy Yiuf
  2224 | D:3      | Noticed Ijyb
  2246 | D:3      | Killed Ijyb
  2247 | D:3      | Reached XP level 5. HP: 13/35 MP: 6/6
  2517 | D:4      | Noticed a black bear
  2632 | D:4      | Killed a black bear
  2633 | D:4      | Reached skill level 1 in Spellcasting
  2633 | D:4      | Reached XP level 6. HP: 27/41 MP: 7/7
  2979 | D:4      | Shot with an arrow by a centaur

Illustrated notes

Levels and vault maps discovered:
D:1:      eino_arrival_cavern_d, layout_loops_ring,
          ebering_ecumenical_altar_mist
D:2:      layout_loops_ring, minmay_close_crescents, uniq_crazy_yiuf_cottage
D:3:      layout_basic, minivault_23, uniq_ijyb
D:4:      layout_loops_ring, hangedman_abyss_or_decor_lesser_grid,
          wad_rectangle_vault, uniq_eustachio, uniq_duvessa

Skill      XL: |  1  2  3  4  5 |
---------------+----------------+-----
Stealth        | 1 2 |  2.5
Fighting       | 2 |  2.8
Dodging        | 3 |  3.3
Spellcasting   | 1 |  1.2
Unarmed Combat | |  3.9
Evocations     | |  0.7
Shapeshifting  | |  3.9

Action                     |  1- 3 |  4- 6 || total
---------------------------+-------+-------++-------
  Melee: Unarmed           |    73 |   114 ||   187
         Constrict         |    19 |    25 ||    44
         Tentacles         |    13 |    19 ||    32
         Punch             |       |     4 ||     4
    Use: Scroll            |     2 |     5 ||     7
   Stab: Sleeping          |     5 |    10 ||    15
 Armour: Skin              |    26 |    48 ||    74
  Dodge: Dodged            |    56 |    57 ||   113

Table legend: (Time is in decaauts)
 A = Elapsed time spent in this place.
 B = Non-inter-level travel time spent in this place.
 C = Inter-level travel time spent in this place.
 D = Time resting spent in this place.
 E = Time spent auto-exploring this place.
 F = Levels seen in this place.
 G = Mean time per level.
                   A        B        C        D        E       F      G
               +--------+--------+--------+--------+--------+-----+--------+
         Total |   2967 |   2911 |     56 |    109 |   2140 |   4 |  741.8 |
       Dungeon |   2967 |   2911 |     56 |    109 |   2140 |   4 |  741.8 |
               +--------+--------+--------+--------+--------+-----+--------+

Top non-repeatable levels by time:
     D:3: 969 daAuts
     D:2: 884 daAuts
     D:1: 711 daAuts
     D:4: 401 daAuts
